 Dungeon Crawl Stone Soup version 0.23.0 (webtiles) character file.

Game seed: 1158255077442307745

548 marthius the Skirmisher (level 7, -1/66 HPs)
             Began as a Hill Orc Fighter on Feb 13, 2019.
             Was an Initiate of Makhleb.
             Slain by an ice beast (12 damage)
             ... on level 4 of the Dungeon.
             The game lasted 00:11:56 (4706 turns).

marthius the Skirmisher (Hill Orc Fighter)          Turns: 4706, Time: 00:11:57

Health: -1/66      AC: 17    Str: 21    XL:     7   Next: 28%
Magic:  7/7        EV:  3    Int:  8    God:    Makhleb [......]
Gold:   194        SH:  9    Dex: 10    Spells: 6/6 levels left

rFire    . . .     SeeInvis .   k - +0 whip
rCold    . . .     Gourm    .   c - +0 shield
rNeg     . . .     Faith    .   n - +0 plate armour
rPois    .         Spirit   .   s - +0 helmet
rElec    .         Reflect  .   l - +0 cloak
rCorr    .         Harm     .   (no gloves)
MR       .....                  j - +2 pair of boots
Stlth    ..........             (no amulet)
HPRegen  0.21/turn              (no ring)
MPRegen  0.10/turn              (no ring)

@: no status effects
A: no striking features
a: Renounce Religion


You were on level 4 of the Dungeon.
You worshipped Makhleb.
Makhleb was noncommittal.
You were hungry.

You visited 2 branches of the dungeon, and saw 5 of its levels.
You also visited: Sewer.

You collected 194 gold pieces.

Inventory:

Hand Weapons
 a - a +1 flail
 k - a +0 whip (weapon)
Missiles
 u - 5 javelins (quivered)
Armour
 b - a +0 scale mail
 c - a +0 shield (worn)
 j - a +2 pair of boots (worn)
 l - a +0 cloak (worn)
 n - a +0 plate armour (worn)
 s - a +0 helmet (worn)
Jewellery
 e - an uncursed amulet of harm {unknown}
 h - an uncursed amulet of the gourmand {unknown}
 i - an uncursed amulet of the gourmand {unknown}
 x - an uncursed amulet of rage {unknown}
Scrolls
 q - a scroll of fear {unknown}
 t - 2 scrolls of magic mapping
 v - a scroll of noise {unknown}
Potions
 d - a potion of might
 g - 2 potions of heal wounds {unknown}
 m - 4 potions of curing
 o - a potion of lignification {unknown}
 p - 3 potions of brilliance {unknown}
 r - a potion of agility
 w - 2 potions of flight {unknown}
 z - 4 potions of ambrosia {unknown}
 A - a potion of degeneration {unknown}
Comestibles
 f - 2 rations


   Skills:
 + Level 7.2 Fighting
 + Level 6.1 Maces & Flails
 - Level 3.4 Armour
 - Level 3.5 Shields


You had 6 spell levels left.
You didn't know any spells.
Your spell library was empty.

Dungeon Overview and Level Annotations

Branches:
Dungeon (4/15)             Temple (1/1) D:4

Altars:
Ashenzari
Gozag
Kikubaaqudgha
Makhleb
Nemelex Xobeh
Qazlal
Ru
Uskayaw
Yredelemnul
Zin
The Shining One
Lugonu

Shops:
D:4 (

Annotations:
D:4 3 runed translucent doors, theswoord's ghost, novice NaBe


Message History

* * * LOW HITPOINT WARNING * * *
The ice beast freezes you!
* * * LOW HITPOINT WARNING * * *
Your plate armour prevents you from hitting the ice beast.
The ice beast is almost dead.
The ice beast hits you but does no damage.
Your shield prevents you from hitting the ice beast.
The ice beast is almost dead.
You don't know any spells.
You feel better.
The ice beast hits you but does no damage.
You closely miss the ice beast.
The ice beast is almost dead.
You block the ice beast's attack.
You hit the ice beast.
The ice beast is almost dead.
The ice beast hits you.
* * * LOW HITPOINT WARNING * * *
The ice beast freezes you!
You die...

##### ##...
####...#######
#..Y.#....?..#
#. #@..# #
#.###.##### #
#.###.....# #
#.##....>.# #
#.##.⌠8...# #
#.........# #
#..>.⌠8...# #
#.......### #
##.##.⌠8.# #


You could see an ice beast.

Vanquished Creatures
  An ogre (D:4)
  A big kobold (Sewer)
  A crimson imp (D:4)
  A hound (D:4)
  2 orc wizards (D:4)
  2 iguanas (D:4)
  A worker ant (D:4)
  A hound skeleton (D:4)
  7 adders
  3 river rats
  An ooze (D:2)
  An adder skeleton (D:4)
  3 worms
  2 dart slugs
  2 leopard geckos
  3 orcs
  5 bats
  5 giant cockroaches
  9 goblins
  4 hobgoblins
  4 jackals (D:2)
  13 kobolds
  A quokka (D:2)
  2 ball pythons
  3 frilled lizards
  18 rats
96 creatures vanquished.

Notes
Turn   | Place    | Note
-------+----------+-------------------------------------------
     0 | D:1      | marthius the Hill Orc Fighter began the quest for the Orb.
     0 | D:1      | Reached XP level 1. HP: 19/19 MP: 1/1
   198 | D:1      | Reached XP level 2. HP: 27/27 MP: 2/2
   398 | D:1      | Reached skill level 4 in Fighting
   887 | D:2      | Reached XP level 3. HP: 28/33 MP: 3/3
   889 | D:2      | Found a sacrificial altar of Ru.
  1597 | D:2      | Reached XP level 4. HP: 40/41 MP: 4/4
  2331 | D:3      | Found a sparkling altar of Nemelex Xobeh.
  2331 | D:3      | Found a glowing silver altar of Zin.
  2331 | D:3      | Found a basalt altar of Yredelemnul.
  2331 | D:3      | Found a stormy altar of Qazlal.
  2429 | D:3      | Reached skill level 5 in Fighting
  2621 | D:3      | Reached XP level 5. HP: 41/48 MP: 5/5
  2675 | D:3      | Found a glowing drain.
  2704 | Sewer    | Entered a sewer
  3033 | Sewer    | Noticed a big kobold
  3110 | Sewer    | Killed a big kobold
  3110 | Sewer    | Reached XP level 6. HP: 55/57 MP: 6/6
  3132 | Sewer    | Found a glowing silver altar of Zin.
  3676 | D:4      | Reached skill level 6 in Fighting
  3858 | D:4      | Reached skill level 5 in Maces & Flails
  3894 | D:4      | Found a runed translucent gate.
  3894 | D:4      | Found a runed translucent gate.
  3896 | D:4      | Found a runed translucent gate.
  3897 | D:4      | Noticed theswoord's ghost (novice NaBe)
  4252 | D:4      | Reached XP level 7. HP: 53/64 MP: 7/7
  4382 | D:4      | Found Xaiguax's Antique Weapon Shoppe.
  4405 | D:4      | Reached skill level 7 in Fighting
  4633 | D:4      | Found a staircase to the Ecumenical Temple.
  4640 | Temple   | Entered the Ecumenical Temple
  4654 | Temple   | Became a worshipper of Makhleb the Destroyer
  4706 | D:4      | Slain by an ice beast

Skill      XL: |  1  2  3  4  5  6  7 |
---------------+----------------------+-----
Fighting       | 4 5 6 7 |  7.2
Maces & Flails | 3 4 5 6 |  6.1
Armour         | |  3.4
Shields        | |  3.5

Action                   |  1- 3 |  4- 6 |  7- 9 || total
-------------------------+-------+-------+-------++-------
Melee: Flail             |    26 |       |       ||    26
       Whip              |   151 |   393 |   126 ||   670
  Use: Scroll            |       |     7 |       ||     7
       Potion            |       |       |     1 ||     1
  Eat: Chunk             |     2 |     5 |     2 ||     9
       Ration            |       |     1 |       ||     1
Armor: Scale mail        |    60 |       |       ||    60
       Plate armour      |    18 |   196 |    59 ||   273
Dodge: Dodged            |    40 |    30 |     4 ||    74
Block: Shield            |    95 |   157 |    32 ||   284
